 Dungeon Crawl Stone Soup version 0.20-a0-455-gc3b7d50 (webtiles) character file.

180649 M4edhros the Unseen (level 18, -8/125 HPs)
             Began as an Octopode Artificer on Jan 9, 2017.
             Was an Initiate of Gozag.
             Killed from afar by Aizul (44 damage)
             ... with a poison arrow
             ... on level 2 of the Shoals on Jan 10, 2017.
             The game lasted 01:35:14 (43395 turns).

M4edhros the Unseen (Octopode Artificer)           Turns: 43395, Time: 01:35:17

Health: -8/125     AC:  8    Str:  9    XL:     18   Next: 27%
Magic:  26/26      EV: 34    Int: 19    God:    Gozag
Gold:   1118       SH:  8    Dex: 21    Spells: 4/17 levels left

rFire  + + .     SeeInvis .     u - +3 demon trident (elec)
rCold  + + .     Gourm    .     D - +2 buckler
rNeg   . . .     Faith    .     H - +2 hat {MR+}
rPois  .         Spirit   .     Q - amulet of regeneration
rElec  .         Reflect  .     T - ring of protection from cold
rCorr  .         Harm     .     z - ring of protection from magic
MR     +++..     Clarity  +     k - ring of protection from cold
Stlth  +++++++++.               L - ring of protection from fire
                                S - ring "Rolaazeo" {Int+6 Slay+5 Stlth+}
                                M - +5 ring of protection
                                Z - ring of Shaolin {EV+8}
                                N - ring of protection from fire

@: lethally poisoned (-8 -> -27)
A: almost no armour, stealthy swim, amphibious, 8 rings, constrict 8, camouflage
1, clarity, weak 1, gelatinous body 1
a: Potion Petition, Call Merchant, Bribe Branch, Renounce Religion


You were on level 2 of the Shoals.
You worshipped Gozag.
Gozag was most pleased with you.
You were very hungry.

You visited 6 branches of the dungeon, and saw 29 of its levels.
You also visited: Labyrinth, Ossuary and Ice Cave.

You collected 11931 gold pieces.
You spent 3955 gold pieces at shops.
You paid 6858 gold pieces to Gozag.

Inventory:

Hand Weapons
 e - the +2 long sword of the Omega Point {drain, rPois Dex+8 Stlth+}
   (You found it in a labyrinth)

   A truly terrible weapon, it drains the life of those it strikes.
   It affects your dexterity (+8).
   It protects you from poison.
   It makes you more stealthy.
 l - a +8 hunting sling of flaming
 u - a +3 demon trident of electrocution (weapon)
 v - a +0 trident of flaming
Missiles
 q - 841 stones (quivered)
 s - 190 sling bullets
Armour
 D - a +2 buckler (worn)
 E - a +0 large shield
 H - a +2 hat of magic resistance (worn)
Jewellery
 b - an uncursed ring of see invisible
 g - an uncursed ring of poison resistance
 k - a ring of protection from cold (on tentacle)
 z - a ring of protection from magic (right tentacle)
 L - a ring of protection from fire (on tentacle)
 M - a +5 ring of protection (on tentacle)
 N - a ring of protection from fire (on tentacle)
 Q - an amulet of regeneration (around mantle)
 S - the ring "Rolaazeo" (on tentacle) {Int+6 Slay+5 Stlth+}
   (You bought it in a shop on level 6 of the Dungeon)

   [ring of slaying]

   It affects your intelligence (+6).
   It affects your accuracy and damage with ranged weapons and melee attacks
   (+5).
   It makes you more stealthy.
 T - a ring of protection from cold (left tentacle)
 Z - the ring of Shaolin (on tentacle) {EV+8}
   (You bought it in a shop on level 6 of the Lair of Beasts)

   [ring of evasion]

   It affects your evasion (+8).
Wands
 c - a wand of enslavement (14/24)
 d - a wand of disintegration (15/24)
 h - a wand of iceblast (10/15)
 y - a wand of confusion (21/48)
 B - a wand of iceblast (7/15)
 F - a wand of clouds (0/9)
 G - a wand of digging (12/24)
 I - a wand of iceblast (10/15)
 J - a wand of iceblast (8/15)
 K - a wand of digging (16/24)
 P - a wand of disintegration (10/24)
Scrolls
 j - a scroll of recharging
 o - 12 scrolls of teleportation
 p - a scroll of summoning
 R - a scroll of fear
Potions
 m - a potion of might
 r - 2 potions of ambrosia
 t - 3 potions of magic
 x - 3 potions of haste
 A - 2 potions of curing
 C - 2 potions of resistance
 O - 2 potions of lignification
 U - 2 potions of cancellation
 W - 2 potions of berserk rage
 X - 2 potions of invisibility
Miscellaneous
 i - a phantom mirror
 w - a lightning rod (4/4)
 V - 2 boxes of beasts
Comestibles
 a - 2 meat rations
 f - 11 bread rations
 n - 38 fruits


   Skills:
 + Level 11.6 Fighting
   Level 1.0 Short Blades
 - Level 8.2 Polearms
 * Level 17.6 Slings
 + Level 14.0 Dodging
 - Level 19.8 Stealth
 - Level 4.8 Shields
 - Level 10.9 Evocations


You had 4 spell levels left.
You knew the following spells:

 Your Spells              Type           Power        Failure   Level  Hunger
a - Repel Missiles        Chrm/Air       #.....       30%         2    ###....
b - Dazzling Spray        Conj/Hex       #.....       65%         3    ####...
c - Regeneration          Chrm/Necr      #.........   65%         3    ####...
d - Song of Slaying       Chrm           #.......     30%         2    ###....
e - Spectral Weapon       Hex/Chrm       #.......     65%         3    ####...


Dungeon Overview and Level Annotations

Branches:
Dungeon (15/15)            Temple (1/1) D:6            Lair (6/6) D:11
 Shoals (2/4) Lair:2       Spider (0/4) Lair:4        Slime (0/5) Lair:6
    Orc (2/2) D:10            Elf (3/3) Orc:2        Vaults (0/5) D:14
 Depths (0/5) D:15

Altars:
Ashenzari
Cheibriados
Dithmenos
Elyvilon
Fedhas
Gozag
Hepliaklqana
Kikubaaqudgha
Makhleb
Nemelex Xobeh
Okawaru
Qazlal
Ru
Sif Muna
Trog
Uskayaw
Vehumet
Xom
Yredelemnul
Zin
The Shining One
Beogh
Jiyva

Shops:
D:6 =   D:14 [   Orc:1 (   Orc:2 :=(?   Elf:1 *   Elf:3 [   Lair:6 =[

Annotations:
Lair:6 1 runed door
Shoals:2 Aizul
Elf:1 Donald


Innate Abilities, Weirdness & Mutations

You cannot wear most types of armour.
You are very stealthy in the water. (Stealth+)
You are amphibious.
You can wear up to eight rings at the same time.
You can use your tentacles to constrict eight enemies at once.
Your skin changes colour to match your surroundings (Stealth+).
Your rubbery body absorbs attacks. (AC +1, EV +1)
You possess an exceptional clarity of mind.
You are weak. (Str -2)


Message History

Aizul coils herself and waves her upper body at you.
The bolt of poison misses you.
You hit Aizul but do no damage.
Aizul is almost dead.
Aizul says, "Replaced!
How does it feel to be replaced?"
Aizul completely misses you.
You hit Aizul. Your squeeze misses Aizul.
Aizul is almost dead.
Aizul casts a spell at you. The bolt of poison hits you!
You are poisoned.
* * * LOW HITPOINT WARNING * * *
You closely miss Aizul. Your squeeze misses Aizul.
Aizul is almost dead.
You feel sick. Aizul misses you.
Aizul coils herself and waves her upper body at you.
The poison arrow hits you!
You are more poisoned.
You die...
Your body crumbles into a pile of gold.

≈≈≈≈≈≈≈≈≈≈≈≈≈≈≈≈≈
≈≈≈≈≈≈≈≈≈≈≈≈≈....
≈≈≈≈≈≈.≈≈≈.......
≈≈≈≈..≈<....≈≈≈≈≈
≈≈≈......##...≈≈≈
≈≈≈.....##.......
≈≈≈≈≈......≈≈....
≈≈≈≈≈..≈.........
≈≈≈≈≈≈≈≈≈@......#
≈≈≈≈≈≈..≈S.......
≈≈≈≈≈≈......###..
≈≈≈≈≈≈≈≈≈≈..# .
≈≈≈≈≈≈≈≈≈≈..#
≈≈≈≈≈≈≈≈≈..?
≈≈≈≈≈≈≈≈..).
≈≈≈≈≈≈≈≈....#


You could see Aizul.

Vanquished Creatures
  Mara (Elf:2)
  3 deep elf blademasters (Elf:3)
  A deep elf master archer (Elf:3)
  Agnes (Elf:1)
  4 deep elf sorcerers (Elf:3)
  An orc warlord (Orc:2)
  Louise (Shoals:1)
  5 deep elf elementalists (Elf:3)
  2 deep elf demonologists
  8 deep elf annihilators
  A merfolk javelineer (Shoals:1)
  4 deep elf death magi (Elf:3)
  Josephine (D:13)
  A merfolk impaler (Shoals:1)
  2 deep elf high priests (Elf:3)
  A rakshasa (D:14)
  4 vault guards (D:14)
  5 hydras
  An ice dragon (Lab)
  2 centaur warriors (D:13)
  A catoblepas (Lair:6)
  A merfolk aquamancer (Shoals:1)
  A merfolk avatar (Shoals:1)
  A queen ant (Lair:2)
  7 two-headed ogres
  6 orc high priests
  11 deep elf knights
  The ghost of Steforg the Archer, a novice CeHu of Qazlal (D:8)
  2 sea snakes (Shoals:1)
  5 skeletal warriors
  3 unseen horrors
  6 lindwurms
  5 harpies (Shoals:1)
  Pikel (D:7)
  3 orc knights (Orc:2)
  10 deep elf archers
  A necromancer (IceCv)
  2 wolf spiders
  45 deep elf magi
  5 orc sorcerers
  3 oklob plants (Lair:3)
  3 manticores
  6 ugly things
  5 cyclopes
  2 fauns (Shoals:1)
  2 merfolk sirens (Shoals:1)
  12 elephants
  A guardian serpent (Lair:6)
  2 centaur zombies
  Maurice (D:8)
  An ice statue (IceCv)
  13 spiny frogs
  12 black mambas
  A water nymph (Shoals:1)
  5 torpor snails (Lair:6)
  2 gargoyles
  11 freezing wraiths
  2 rime drakes
  An efreet (D:15)
  11 komodo dragons
  6 trolls
  3 merfolk
  A wind drake (shapeshifter) (Elf:1)
  3 slime creatures (D:11)
  3 meliai (D:13)
  3 tyrant leeches (Lair:6)
  9 hornets (Lair:6)
  3 wind drakes (Shoals:1)
  A meliai zombie (D:15)
  4 blink frogs (Lair:6)
  3 snapping turtles (Shoals:1)
  6 dream sheep (Lair:6)
  11 hippogriffs
  A shadow (D:13)
  2 air elementals (Elf:1)
  7 wraiths
  8 water elementals
  21 yaks
  A vampire (D:15)
  4 redbacks
  7 wyverns (Lair:6)
  3 basilisks
  2 fire elementals
  A death yak simulacrum (IceCv)
  3 hungry ghosts
  3 vampire mosquitoes (D:13)
  An acid dragon (D:12)
  13 soldier ants (Lair:2)
  2 wargs
  2 hell hounds (D:11)
  26 water moccasins
  5 porcupines
  8 ice beasts
  46 orc warriors
  2 black bears
  2 alligator simulacra (IceCv)
  An eye of draining (D:9)
  6 sky beasts
  2 necrophages
  22 ogres
  3 phantoms
  12 centaurs
  10 crocodiles
  A big kobold (D:13)
  21 bullfrogs
  Blork the orc (D:4)
  3 earth elementals
  5 water moccasin zombies
  A wyvern skeleton (D:13)
  2 scorpions
  2 troll zombies (D:10)
  7 killer bees
  6 wights
  4 electric eels
  2 howler monkeys
  8 crimson imps
  A bullfrog zombie (D:13)
  6 draconian simulacra (IceCv)
  5 jellies
  6 hounds
  4 centaur skeletons
  27 orc wizards
  30 orc priests
  A bullfrog skeleton (D:5)
  Ijyb (D:2)
  An iguana (D:10)
  44 worker ants
  6 troll simulacra (IceCv)
  A spriggan simulacrum (IceCv)
  A wolf simulacrum (IceCv)
  A killer bee zombie (D:10)
  A big kobold zombie (Ossuary)
  4 ogre zombies (D:10)
  A centaur simulacrum (IceCv)
  2 ogre skeletons (Lab)
  2 hound skeletons
  The ghost of M4edhros the Grave Robber, a weakling OpNe (D:4)
  The ghost of M4edhros the Grave Robber, a weakling OpNe (D:3)
  2 mummies (Ossuary)
  2 howler monkey zombies (D:5)
  A worker ant zombie (D:4)
  Robin (D:3)
  11 adders
  5 gnolls (D:7)
  3 ogre simulacra (IceCv)
  3 naga simulacra (IceCv)
  5 shadow imps
  12 white imps (IceCv)
  3 oozes
  6 adder zombies (Ossuary)
  3 adder skeletons
  2 worms
  3 dart slugs
  8 leopard geckos
  137 orcs
  4 giant cockroaches
  30 goblins
  13 hobgoblins
  7 jackals
  23 kobolds
  3 quokkas
  3 ball pythons
  3 bats
  6 frilled lizards
  6 gnoll zombies
  A goblin skeleton (D:10)
  3 goblin zombies (D:10)
  A hobgoblin skeleton (D:10)
  7 hobgoblin zombies
  2 kobold zombies (Ossuary)
  2 orc skeletons (D:10)
  20 orc zombies
  7 rats
  2 plants
1104 creatures vanquished.

Vanquished Creatures (collateral kills)
  A deep elf master archer (Elf:3)
  A deep elf elementalist (Elf:3)
  A deep elf demonologist (Elf:3)
  A deep elf high priest (Elf:3)
  A slave (D:7)
  A wolf (D:8)
  An orc priest (D:5)
  An orc wizard (D:8)
  An iguana (D:7)
  8 orcs
  An orc zombie (D:10)
  A plant (Lair:6)
19 creatures vanquished.

Vanquished Creatures (others)
  9 dancing weapons
  A deep elf knight (Elf:1)
  3 deep elf archers (Elf:2)
  3 deep elf magi
  Grum (D:8)
  A slave (D:7)
  An eye of draining (D:14)
  2 wolves (D:8)
  A bullfrog (D:7)
  A centaur zombie (D:7)
  A hound (D:7)
  An orc wizard (D:7)
  An orc priest (D:8)
  A bullfrog skeleton (D:7)
  2 leopard geckos (D:7)
  5 orcs
  A quokka (D:7)
  A kobold (D:7)
  32 fungi
  62 plants
130 creatures vanquished.

Grand Total: 1253 creatures vanquished

Notes
Turn   | Place    | Note
-------+----------+-------------------------------------------
     0 | D:1      | M4edhros the Octopode Artificer began the quest for the Orb.
     0 | D:1      | Reached XP level 1. HP: 13/13 MP: 3/3
    13 | D:1      | Reached skill level 2 in Stealth
    91 | D:1      | Reached skill level 3 in Stealth
    91 | D:1      | Reached XP level 2. HP: 12/18 MP: 4/4
   357 | D:2      | Reached skill level 4 in Stealth
   460 | D:3      | Reached XP level 3. HP: 20/23 MP: 5/5
   605 | D:3      | Reached skill level 5 in Stealth
   605 | D:3      | Reached XP level 4. HP: 19/28 MP: 6/6
   770 | D:4      | Noticed M4edhros's ghost (weakling OpNe)
   774 | D:4      | Killed M4edhros's ghost
   786 | D:4      | Reached skill level 6 in Stealth
   866 | D:4      | Reached skill level 7 in Stealth
   866 | D:4      | Reached XP level 5. HP: 22/33 MP: 7/7
  1431 | D:4      | Noticed Blork the orc
  1462 | D:4      | Killed Blork the orc
  1462 | D:4      | Reached skill level 8 in Stealth
  1462 | D:4      | Reached XP level 6. HP: 11/38 MP: 8/8
  1777 | D:4      | Noticed an ice beast
  1784 | D:4      | Killed an ice beast
  1784 | D:4      | Reached skill level 9 in Stealth
  1802 | D:4      | Noticed a phantom
  2039 | D:5      | Entered Level 5 of the Dungeon
  2108 | D:5      | Reached skill level 10 in Stealth
  2108 | D:5      | Reached XP level 7. HP: 25/43 MP: 9/9
  2859 | D:5      | Found a hazy altar of Hepliaklqana.
  2938 | D:5      | Reached skill level 11 in Stealth
  3464 | D:5      | Reached skill level 12 in Stealth
  3468 | D:5      | Reached XP level 8. HP: 48/48 MP: 10/10
  3814 | D:6      | Found a staircase to the Ecumenical Temple.
  3854 | Temple   | Entered the Ecumenical Temple
  3912 | Temple   | Became a worshipper of Gozag Ym Sagoz the Greedy
  5193 | D:2      | Noticed Ijyb
  5204 | D:2      | Killed Ijyb
  5204 | D:2      | Reached skill level 13 in Stealth
  5453 | D:3      | Found a blossoming altar of Fedhas.
  5455 | D:3      | Found a stormy altar of Qazlal.
  5474 | D:3      | Found a burning altar of Makhleb.
  5611 | D:3      | Noticed Robin
  5666 | D:3      | Killed Robin
  6001 | D:3      | Noticed M4edhros's ghost (weakling OpNe)
  6025 | D:3      | Killed M4edhros's ghost
  6730 | D:4      | Reached skill level 1 in Polearms
  6730 | D:4      | Reached skill level 1 in Shields
  7268 | D:6      | Found a basalt altar of Yredelemnul.
  7956 | D:7      | Reached XP level 9. HP: 55/55 MP: 11/11
  7993 | D:7      | Found a sand-covered staircase.
  7999 | Ossuary  | Entered an ossuary
  8654 | D:7      | Noticed Pikel
  8671 | D:7      | Killed Pikel
  9116 | D:7      | Reached skill level 1 in Slings
  9251 | D:7      | Reached skill level 14 in Stealth
  9261 | D:7      | Reached skill level 5 in Dodging
  9261 | D:7      | Reached XP level 10. HP: 28/64 MP: 12/12
  9471 | D:7      | Found a white marble altar of Elyvilon.
  9961 | D:8      | Noticed a two-headed ogre
  9981 | D:8      | Killed a two-headed ogre
  9999 | D:8      | Noticed Steforg's ghost (novice CeHu)
 10473 | D:8      | Noticed Grum
 10502 | D:8      | Your ally died
 10976 | D:8      | Noticed Maurice
 10989 | D:8      | Killed Maurice
 11010 | D:8      | Found a snail-covered altar of Cheibriados.
 11098 | D:9      | Found a hide-covered altar of Uskayaw.
 11101 | D:9      | Found an iron altar of Okawaru.
 11101 | D:9      | Found an ancient bone altar of Kikubaaqudgha.
 11104 | D:9      | Found a shattered altar of Ashenzari.
 12091 | D:9      | Reached skill level 5 in Fighting
 12282 | D:10     | Entered Level 10 of the Dungeon
 12450 | D:10     | Found a staircase to the Orcish Mines.
 12488 | D:10     | Noticed a deep elf mage
 12682 | D:10     | Killed a deep elf mage
 12682 | D:10     | Reached skill level 5 in Polearms
 12725 | D:10     | Identified a scroll of acquirement
 13424 | D:6      | Bought the ring "Rolaazeo" {Int+6 Slay+5 Stlth+} for 1404 gold pieces
 13521 | D:8      | Killed Steforg's ghost
 13521 | D:8      | Reached skill level 5 in Slings
 13521 | D:8      | Reached XP level 11. HP: 59/72 MP: 13/13
 13589 | D:8      | Noticed a two-headed ogre
 13621 | D:8      | Killed a two-headed ogre
 15373 | D:11     | Found a labyrinth entrance.
 15387 | Lab      | Entered a labyrinth
 16302 | Lab      | Noticed a minotaur
 16349 | Lab      | Noticed an ice dragon
 16349 | Lab      | a minotaur changed into an ice dragon
 16388 | Lab      | Got a scorched long sword {drain}
 16474 | Lab      | HP: 2/108 [ice dragon (4)]
 16482 | Lab      | Killed an ice dragon
 16482 | Lab      | Reached skill level 15 in Stealth
 16520 | Lab      | Identified the +2 long sword of the Omega Point {drain, rPois Dex+8 Stlth+} (You found it in a labyrinth)
 16588 | D:11     | Learned a level 2 spell: Repel Missiles
 16592 | D:11     | Learned a level 3 spell: Dazzling Spray
 16880 | D:11     | Noticed a cyclops
 16891 | D:11     | Killed a cyclops
 17186 | D:11     | Noticed a red ugly thing
 17194 | D:11     | Killed a red ugly thing
 17325 | D:11     | Noticed a two-headed ogre
 17331 | D:11     | Killed a two-headed ogre
 17603 | D:11     | Noticed a green ugly thing
 17613 | D:11     | Killed a green ugly thing
 17889 | D:11     | Noticed a cyclops
 18403 | D:11     | Reached XP level 12. HP: 51/80 MP: 15/15
 18727 | D:11     | Reached skill level 5 in Evocations
 18735 | D:11     | Found a staircase to the Lair.
 18793 | Lair:1   | Entered Level 1 of the Lair of Beasts
 19166 | Lair:1   | Noticed a five-headed hydra
 19172 | Lair:1   | Killed a five-headed hydra
 19297 | Lair:1   | Noticed a four-headed hydra
 19336 | Lair:1   | Killed a four-headed hydra
 19939 | Lair:2   | Found a staircase to the Shoals.
 20017 | Lair:2   | Noticed a queen ant
 20167 | Lair:2   | HP: 1/81 [queen ant (14)]
 20167 | Lair:2   | Killed a queen ant
 20179 | Lair:2   | HP: 1/81 [worker ant (3)]
 20606 | Lair:2   | Reached skill level 16 in Stealth
 21365 | Lair:3   | Noticed a four-headed hydra
 21375 | Lair:3   | Killed a four-headed hydra
 21428 | Lair:3   | Reached XP level 13. HP: 88/88 MP: 17/17
 22923 | Lair:3   | Reached skill level 10 in Slings
 23510 | Lair:3   | yeah, 5 prot ring
 23736 | Lair:4   | Found a hole to the Spider Nest.
 24400 | Lair:5   | Found a sacrificial altar of Ru.
 24950 | Lair:5   | Reached skill level 17 in Stealth
 25405 | Lair:5   | Reached XP level 14. HP: 95/95 MP: 20/20
 25484 | Lair:6   | Entered Level 6 of the Lair of Beasts
 25656 | Lair:6   | HP: 3/95 [dream sheep (11)]
 26195 | Lair:6   | Found a viscous altar of Jiyva.
 26195 | Lair:6   | Found a staircase to the Slime Pits.
 26596 | Lair:6   | Found a runed door.
 27463 | Lair:6   | Gained mutation: You are weak. (Str -2) [potion of mutation]
 27463 | Lair:6   | Gained mutation: You possess an exceptional clarity of mind. [potion of mutation]
 27858 | Orc:1    | Entered Level 1 of the Orcish Mines
 28367 | Orc:2    | Entered Level 2 of the Orcish Mines
 28389 | Orc:2    | Reached skill level 10 in Evocations
 28917 | Orc:2    | Reached skill level 18 in Stealth
 29044 | Orc:2    | Noticed an orc warlord
 29098 | Orc:2    | Killed an orc warlord
 29098 | Orc:2    | Reached XP level 15. HP: 95/100 MP: 22/22
 29191 | Orc:2    | Found Agityuf's Magic Scroll Shoppe.
 29207 | Orc:2    | Bought a scroll of enchant weapon for 75 gold pieces
 29207 | Orc:2    | Bought 3 scrolls of enchant weapon for 225 gold pieces
 29207 | Orc:2    | Bought a scroll of enchant weapon for 75 gold pieces
 29219 | Orc:2    | Found a roughly hewn altar of Beogh.
 29267 | Orc:2    | Found Uninayr's General Store.
 29943 | Orc:2    | Found Fauho's Weapon Shoppe.
 30016 | Orc:2    | Found a roughly hewn altar of Beogh.
 30274 | Orc:2    | Found Nodghimy's Book Emporium.
 30674 | Orc:2    | Found a staircase to the Elven Halls.
 33250 | D:13     | Noticed Josephine
 33263 | D:13     | Killed Josephine
 33263 | D:13     | Reached skill level 19 in Stealth
 33832 | D:14     | Found Pouptyh's Antique Armour Shop.
 33896 | D:14     | Found a gate to the Vaults.
 33924 | D:14     | Reached skill level 10 in Dodging
 34704 | D:15     | Entered Level 15 of the Dungeon
 34744 | D:15     | Found a frozen archway.
 34769 | IceCv    | Entered an ice cave
 34812 | IceCv    | Reached XP level 16. HP: 106/106 MP: 24/24
 35082 | IceCv    | Found an ancient bone altar of Kikubaaqudgha.
 36512 | Lair:6   | Bought the ring of Shaolin {EV+8} for 2176 gold pieces
 36818 | Elf:1    | Entered Level 1 of the Elven Halls
 37538 | Elf:1    | Found Qiug's General Store.
 37730 | Elf:1    | Reached skill level 15 in Slings
 37996 | Elf:1    | Noticed Donald
 38000 | Elf:1    | Got a slimy falchion
 38112 | Elf:1    | Noticed Agnes
 38727 | Elf:3    | Entered Level 3 of the Elven Halls
 39513 | Elf:3    | Noticed a deep elf blademaster
 39521 | Elf:3    | Noticed a Brimstone Fiend
 39608 | Elf:3    | Reached XP level 17. HP: 85/114 MP: 25/25
 39687 | Elf:3    | Reached skill level 10 in Fighting
 39964 | Elf:3    | Noticed a deep elf blademaster
 39979 | Elf:3    | Killed a deep elf blademaster
 40037 | Elf:3    | Noticed a deep elf master archer
 40044 | Elf:3    | Killed a deep elf master archer
 40190 | Elf:3    | Killed a deep elf blademaster
 40205 | Elf:3    | Noticed Mara
 40354 | Elf:3    | Noticed a deep elf blademaster
 40361 | Elf:3    | Killed a deep elf blademaster
 40385 | Elf:2    | Killed Mara
 40385 | Elf:2    | HP: 8/174 [poisoned by Mara]
 40390 | Elf:2    | HP: 4/116 [poisoned by Mara]
 40963 | Elf:3    | Noticed a deep elf master archer
 40978 | Elf:3    | Killed a deep elf master archer
 41061 | Elf:3    | Learned a level 3 spell: Regeneration
 41108 | Elf:3    | Identified the +4 falchion "Evafet" {drain, rC+} (You found it on level 1 of the Elven Halls)
 41150 | Elf:3    | Identified Sif Muna's Incunabulum of Bewitchment and Protection
 41152 | Elf:3    | Identified Waolok's Incunabulum of Evil Talismans
 41160 | Elf:3    | Learned a level 2 spell: Song of Slaying
 41167 | Elf:3    | Learned a level 3 spell: Spectral Weapon
 41690 | Elf:1    | Killed Agnes
 41838 | Elf:1    | Reached XP level 18. HP: 124/124 MP: 26/26
 42259 | Shoals:1 | Entered Level 1 of the Shoals
 42763 | Shoals:1 | Noticed Louise
 42781 | Shoals:1 | Killed Louise
 43371 | Shoals:2 | Noticed Aizul
 43395 | Shoals:2 | Killed from afar by Aizul

Vault maps used:
D:1:      zelgadis_glass_arrival_small, minmay_tripent
D:2:      cheibrodos_helix_gallery, uniq_iyjb
D:3:      kennysheep_goblin_castle, gammafunk_temple_overflow_forgotten
D:4:      first_bread, uniq_blork_the_orc
D:5:      nicolae_overflow_crystal_walls, grunt_ministairs_5
D:6:      lemuel_zombie_altar_yredelemnul, patterned_corridor
D:7:      corexii_shantytown, elyvilon_altar_4, nicolae_ossuary_entry_plus,
          serial_curves, eino_curves_01, eino_curves_04, uniq_pikel
D:8:      kennysheep_mini_moat, uniq_maurice, uniq_grum
D:9:      grunt_temple_overflow_open
D:10:     zombieorc1_lemuel, minmay_librarian
D:11:     minmay_lair_entry_lava, lab_entry_generic, hangedman_fish_farm
D:12:     minivault_1
D:13:     kennysheep_potato, uniq_josephine
D:14:     lightli_vaults_fourway_checkpoint, serial_shops,
          nicolae_shop_behind_doors, minmay_sticks_and_stones
D:15:     grunt_enter_depths_snipers, hangedman_abyss_or_decor_stagger,
          portal_ice_cave_entry_pillars_1, guppyfry_shop_blood, uniq_urug
Temple:   eino_wide_crystal_templ
Lair:1:   grunt_megastairs_1
Lair:2:   elwin_shoals_entry_rocks, zaba_anthell
Lair:3:   dpeg_oklob_gauntlet, minmay_stone_trees_medium, minmay_lindwurm_lava,
          lemuel_fruit_tree, serial_bayou_shore_a
Lair:4:   spider_nest_entry_rubble
Lair:5:   serial_bayou, serial_bayou_pond_b, serial_bayou_ford_a,
          serial_bayou_pond_c, serial_bayou_lake_a, basic_altar,
          serial_bayou_lagoon_a, small_statue_intersection
Lair:6:   wormcave, hangedman_lair_tendril_chambers,
          dpeg_slime_entry_enclosed_altar
Shoals:1: uniq_louise
Shoals:2: serial_shops, nicolae_shop_stone,
          nicolae_shoals_siren_and_animal_friends, uniq_aizul
Orc:2:    pubby_orc_utopia
Elf:1:    elf_arrival_001, serial_shops, nicolae_shop_stone,
          hangedman_corner_corridor, serial_sigils_hangedman_gut, uniq_donald,
          uniq_agnes
Elf:2:    nicolae_trove_entry_path_of_doom, lemuel_flamethrower_hall
Elf:3:    minmay_elf_hall_quartered_circle, uniq_mara
Lab:      labyrinth_spiral, nicolae_lab_big_swirl, nicolae_lab_dead_end
Ossuary:  ossuary_tomb_2
IceCv:    ice_cave_small_necro

Skill      XL: |  1  2  3  4  5  6  7  8  9 10 11 12 13 14 15 16 17 18 |
---------------+-------------------------------------------------------+-----
Stealth        | 3 4 5 7 8 10 12 13 14 15 16 17 18 19 | 19.8
Polearms       | 2 4 5 6 7 8 |  8.2
Shields        | 2 4 |  4.8
Fighting       | 2 4 5 6 7 8 9 11 | 11.6
Dodging        | 3 5 7 8 10 12 13 14 | 14.0
Slings         | 2 5 7 9 11 13 14 15 17 | 17.6
Evocations     | 4 6 8 10 | 10.9
Short Blades   | |  1.0

Action                   |  1- 3 |  4- 6 |  7- 9 | 10-12 | 13-15 | 16-18 || total
-------------------------+-------+-------+-------+-------+-------+-------++-------
Melee: Short sword       |    44 |     4 |       |       |       |       ||    48
       Tentacles         |    11 |     8 |    91 |   120 |    44 |    77 ||   351
       Constrict         |    10 |     7 |   114 |    73 |    25 |    29 ||   258
       Trident           |       |    47 |   593 |   421 |     9 |   108 ||  1178
       Unarmed           |       |    14 |       |       |       |       ||    14
       Long sword        |       |       |       |    90 |   102 |    48 ||   240
       Hunting sling     |       |       |       |       |     1 |       ||     1
       Demon trident     |       |       |       |       |       |    56 ||    56
 Fire: Hunting sling     |       |       |    18 |   415 |  2086 |  1260 ||  3779
 Cast: Repel Missiles    |       |       |       |     1 |     4 |    11 ||    16
Invok: Call Merchant     |       |       |     1 |       |     4 |     1 ||     6
       Potion Petition   |       |       |     1 |       |     1 |       ||     2
Evoke: Wand              |       |    18 |    26 |    47 |    12 |     8 ||   111
       Box of beasts     |       |       |       |     4 |       |     5 ||     9
       Lightning rod     |       |       |       |       |       |     4 ||     4
  Use: Scroll            |       |       |    12 |    23 |    20 |    11 ||    66
       Potion            |       |       |     7 |    24 |     6 |     9 ||    46
 Stab: Sleeping          |     2 |    11 |    58 |    20 |     5 |     7 ||   103
       Confused          |       |       |    13 |    26 |     7 |       ||    46
       Distracted        |       |       |     9 |     3 |     5 |     5 ||    22
  Eat: Chunk             |       |     4 |     5 |       |       |       ||     9
       Meat ration       |       |       |     2 |     4 |     5 |     4 ||    15
       Bread ration      |       |       |     1 |     2 |     2 |     1 ||     6
       Beef jerky        |       |       |     2 |     6 |       |       ||     8
       Pizza             |       |       |       |     1 |     3 |     1 ||     5
Armor: Skin              |     4 |     4 |    15 |    30 |    52 |    27 ||   132
Dodge: Dodged            |    22 |    23 |   241 |   301 |   418 |   411 ||  1416
       Deflected         |       |       |       |       |     8 |    19 ||    27
Block: Buckler           |       |       |    92 |   170 |   208 |   144 ||   614
       Rpst.: Long sword |       |       |       |    21 |    21 |    10 ||    52
